 Dungeon Crawl Stone Soup version 0.31-a0-806-g0bc164a743 (webtiles) character file.

Game seed: 17356663240447402756

924 DocEon the Thaumaturge (level 7, 0/40 (46) HPs)
             Began as a Mummy Necromancer on Sept 21, 2023.
             Was a Follower of Kikubaaqudgha.
             Slain by a worm (11 damage)
             ... on level 5 of the Dungeon.
             The game lasted 00:10:21 (5440 turns).

DocEon the Thaumaturge (Mummy Necromancer)          Turns: 5440, Time: 00:10:21

HP:   0/40 (46)     AC:  5    Str: 12    XL:     7   Next: 84%
MP:   11/19         EV: 12    Int: 16    God:    Kikubaaqudgha [*.....]
Gold: 128           SH:  0    Dex: 12    Spells: 5/24 levels left

rFire   x . .        g - +2 dagger (protect)
rCold   + . .        (no shield)
rNeg    + + +        a - +0 robe
rPois   ∞            h - +2 helmet {SInv}
rElec   .            l - scarf {repulsion}
rCorr   .            (no gloves)
SInv    +            (no boots)
Will    .....        (no amulet)
Stlth   ++           (no ring)
HPRegen 0.26/turn    (no ring)
MPRegen 0.16/turn

%: repel missiles, faith
@: about to teleport, heavily drained
A: cold resistance 1, negative energy resistance 3, torment resistance 2, heat
vulnerability 1, in touch with death 1, no potions, faith
a: Renounce Religion, Unearth Wretches


You were on level 5 of the Dungeon.
You worshipped Kikubaaqudgha.
Kikubaaqudgha was aware of your devotion.
You visited 2 branches of the dungeon, and saw 6 of its levels.

You collected 170 gold pieces.
You spent 42 gold pieces at shops.

Inventory:

Hand Weapons
 c - a +0 heavy dagger
 d - a +2 dagger of speed
 g - a +2 dagger of protection (weapon)
Armour
 a - a +0 robe (worn)
 h - a +2 helmet of see invisible (worn)
 l - a scarf of repulsion (worn)
Jewellery
 b - a +6 ring of dexterity
 k - a ring of fire
Scrolls
 e - 4 scrolls of teleportation
 f - a scroll of identify
 i - a scroll of immolation
 j - a scroll of fog


   Skills:
 - Level 1.5 Dodging
 - Level 1.5 Stealth
 * Level 9.2 Spellcasting
 + Level 6.6 Necromancy


You had 5 spell levels left.
You knew the following spells:

 Your Spells              Type           Power      Damage    Failure   Level
a - Necrotise             Necr           100%       1d9       1%          1
b - Vampiric Draining     Necr           42%        2d9       1%          3
c - Animate Dead          Necr           42%        N/A       7%          4
d - Airstrike             Air            3%         2d(1-17)  69%         4
e - Cigotuvi's Dreadful   Necr/Pois/Air  42%        N/A       6%          2
f - Dispel Undead         Necr           42%        3d17      7%          4
g - Kiss of Death         Conj/Necr      100%       2d13      2%          1

Your spell library contained the following spells:

 Spells                   Type           Power      Damage    Failure   Level
 Shock                    Conj/Air       28%        1d4       10%         1
 Lesser Beckoning         Tloc           14%        N/A       16%         2
 Agony                    Necr           42%        N/A       19%         5
 Gell's Gravitas          Tloc           7%         N/A       30%         3
 Swiftness                Air            7%         N/A       30%         3
 Teleport Other           Tloc           7%         N/A       30%         3
 Summon Forest            Summ/Tloc      3%         N/A       95%         5
 Summon Mana Viper        Hex/Summ       7%         N/A       95%         5
 Death Channel            Necr           21%        N/A       71%         6
 Summon Cactus Giant      Summ           3%         N/A       100%        6


Dungeon Overview and Level Annotations

Branches:
Dungeon (5/15)             Temple (1/1) D:4

Altars:
Ashenzari
Gozag
Kikubaaqudgha
Makhleb
Okawaru
Sif Muna
Trog
Uskayaw
Vehumet
Wu Jian
Yredelemnul

Shops:
D:4 ?

Annotations:
D:4 2 transporters


Innate Abilities, Weirdness & Mutations

You are immune to poison.
Your flesh is cold resistant. (rC+)
You are immune to negative energy. (rN+++)
You are immune to unholy pain and torment.
You are vulnerable to heat. (rF-)
You are in touch with the powers of death.
You do not drink.
You have a special connection with the divine. (Faith)


Message History

You feel a surge of power!
The rat writhes in agony.
You kill the rat!
Kikubaaqudgha accepts your kill.
The dead are walking!
You feel a surge of power!
The worm writhes in agony.
You feel a surge of power!
The worm writhes in agony!
The moth of wrath goads the worm on!
The worm goes berserk!
You feel a surge of power!
The worm writhes in agony.
The worm rages.
Your rat skeleton bites the worm.
You feel a surge of power!
The worm writhes in agony.
You feel a surge of power!
The worm writhes in agony.
You kill the worm!
Kikubaaqudgha accepts your kill.
You can't see any susceptible monsters within range! (Use Z to cast anyway.)
You can't see any susceptible monsters within range! (Use Z to cast anyway.)
You can't see any susceptible monsters within range! (Use Z to cast anyway.)
Your rat skeleton bites the worm.
You feel a surge of power!
Your line of fire to the moth of wrath is blocked by an iron grate.
Your rat skeleton bites the worm.
Your rat skeleton bites the worm but does no damage.
The moth of wrath goads the worm on!
The worm goes berserk!
You feel a surge of power!
The worm barely resists.
You feel a surge of power!
The worm writhes in agony.
You feel a surge of power!
The worm writhes in agony!
The moth of wrath goads the rat on!
The rat goes berserk!
The worm bites you!
You feel a surge of power!
The worm barely resists.
The worm bites you!
Your rat skeleton bites the worm.
The rat bites you.
The moth of wrath goads the rat on!
The rat goes berserk!
The rat attacks as it pursues you!
The rat misses you. x2; The rat bites you.
* * * LOW HITPOINT WARNING * * *
Your rat skeleton bites the worm.
Okay, then.
You can't drink.
As you read the scroll of teleportation, it crumbles to dust.
You feel strangely unstable. The rat closely misses you. x2
The worm bites you!
You die...
Kikubaaqudgha rasps: "You have failed me!
Welcome... oblivion!"

#.......................
#...Z...................
#####†##############.....#
#..#.....##.... ###.....#
................ #.......#
.......)........ #.......#
.......##)##..... #.......#
.....####.####... #.......#
....##....r@.##.. #.......'
...##.....Zwr.# . #.......#
.##.....Z.....#####...#####
#....###....#..##...##..#
#...##y##...#....<.......
#....###....#............
##.........##............
#...._....##............
##.)..)).###......######


You could see a moth of wrath (ally target), a worm (berserk, ally target), 2
rats, a friendly orc zombie and a friendly rat skeleton.

Vanquished Creatures
  A water moccasin (D:5)
  An ogre (D:4)
  2 phantoms
  4 scorpions
  A hound (D:4)
  An orc priest (D:5)
  A sleepcap (D:4)
  An iguana (D:3)
  6 gnolls
  4 adders
  A shadow imp (D:5)
  An ufetubus (D:5)
  7 worms
  2 dart slugs (D:4)
  16 orcs
  3 endoplasms
  3 giant cockroaches
  7 goblins
  6 hobgoblins
  10 jackals
  3 kobolds
  4 quokkas
  4 ball pythons
  2 bats
  5 frilled lizards
  3 rats
99 creatures vanquished.

Vanquished Creatures (collateral kills)
  An orc (D:5)
  A goblin (D:1)
  A rat (D:3)
3 creatures vanquished.

Vanquished Creatures (others)
  A dart slug zombie (D:4)
  A goblin zombie (D:4)
  A jackal zombie (D:3)
  3 orc zombies
6 creatures vanquished.

Grand Total: 108 creatures vanquished

Notes
Turn   | Place    | Note
-------+----------+-------------------------------------------
     0 | D:1      | DocEon the Mummy Necromancer began the quest for the Orb.
     0 | D:1      | Reached XP level 1. HP: 13/13 MP: 4/4
   119 | D:1      | Reached skill level 3 in Spellcasting
   201 | D:1      | Reached XP level 2. HP: 15/19 MP: 0/6
  1260 | D:2      | Reached skill level 4 in Spellcasting
  1260 | D:2      | Reached XP level 3. HP: 24/24 MP: 2/8
  1264 | D:2      | Learned a level 3 spell: Vampiric Draining
  1553 | D:2      | Reached XP level 4. HP: 30/30 MP: 4/10
  2056 | D:2      | Reached skill level 5 in Spellcasting
  2386 | D:2      | Learned a level 4 spell: Animate Dead
  2424 | D:3      | Noticed a scorpion
  2430 | D:3      | Killed a scorpion
  2431 | D:3      | Reached skill level 5 in Necromancy
  2431 | D:3      | Reached XP level 5. HP: 31/35 MP: 5/13
  3272 | D:3      | Reached skill level 6 in Spellcasting
  3332 | D:3      | Learned a level 4 spell: Airstrike
  3358 | D:4      | Found a transporter.
  3393 | D:4      | Noticed an ogre
  3566 | D:4      | Found a transporter.
  3597 | D:4      | Killed an ogre
  3598 | D:4      | Reached XP level 6. HP: 27/41 MP: 0/15
  3652 | D:4      | Found Paycaog's Magic Scroll Emporium.
  3825 | D:4      | Bought a scroll of teleportation for 42 gold pieces
  3857 | D:4      | Found a staircase to the Ecumenical Temple.
  3869 | Temple   | Entered the Ecumenical Temple
  3903 | Temple   | Became a worshipper of Kikubaaqudgha
  3933 | D:4      | Reached skill level 7 in Spellcasting
  4042 | D:4      | Found an iron altar of Okawaru.
  4082 | D:4      | Found a burning altar of Makhleb.
  4196 | D:4      | Learned a level 2 spell: Cigotuvi's Dreadful Rot
  4434 | D:5      | Entered Level 5 of the Dungeon
  4566 | D:3      | Reached XP level 7. HP: 25/46 MP: 18/18
  4647 | D:3      | Learned a level 4 spell: Dispel Undead
  4761 | D:5      | Reached skill level 8 in Spellcasting
  4971 | D:5      | Found a broken altar of Ashenzari.
  5167 | D:5      | Reached * piety under Kikubaaqudgha
  5167 | D:5      | Received a gift from Kikubaaqudgha
  5181 | D:5      | Learned a level 1 spell: Kiss of Death
  5265 | D:5      | Reached skill level 9 in Spellcasting
  5412 | D:5      | Noticed a moth of wrath
  5415 | D:5      | Found a bloodstained altar of Trog.
  5440 | D:5      | Slain by a worm

Illustrated notes

Levels and vault maps discovered:
D:1:      lemuel_arrival_muddy, layout_loops_ring
D:2:      layout_basic
D:3:      layout_loops_ring
D:4:      gammafunk_steamed_eel, layout_rooms, makhleb_heckhound_becter,
          mainiacjoe_overflow_alcove_4, minmay_temple_entry_mist, serial_shops,
          nicolae_shop_peninsula
D:5:      layout_gridville, cheibrodos_ashenzari_chains,
          mainiacjoe_overflow_brackets, tgw_trog
Temple:   nicolae_temple_ecumenical_triangle

Skill      XL: |  1  2  3  4  5  6  7 |
---------------+----------------------+-----
Spellcasting   | 3 4 5 6 7 9 |  9.2
Necromancy     | 5 6 |  6.6
Dodging        | |  1.5
Stealth        | |  1.5

Action                     |  1- 3 |  4- 6 |  7- 9 || total
---------------------------+-------+-------+-------++-------
  Melee: Dagger            |     9 |   103 |    34 ||   146
         Unarmed           |     1 |       |       ||     1
   Cast: Necrotise         |    54 |   124 |    47 ||   225
         Animate Dead      |       |     6 |     1 ||     7
         Vampiric Draining |       |     1 |     2 ||     3
         Cigotuvi's Dreadf |       |     1 |       ||     1
         Dispel Undead     |       |       |     2 ||     2
         Kiss of Death     |       |       |     1 ||     1
    Use: Scroll            |       |     8 |     1 ||     9
 Armour: Robe              |    22 |    71 |    37 ||   130
  Dodge: Dodged            |    17 |    79 |    45 ||   141

Table legend: (Time is in decaauts)
 A = Elapsed time spent in this place.
 B = Non-inter-level travel time spent in this place.
 C = Inter-level travel time spent in this place.
 D = Time resting spent in this place.
 E = Time spent auto-exploring this place.
 F = Levels seen in this place.
 G = Mean time per level.
                   A        B        C        D        E       F      G
               +--------+--------+--------+--------+--------+-----+--------+
         Total |   5448 |   5026 |    422 |    888 |   3203 |   6 |  908.0 |
       Dungeon |   5404 |   4990 |    414 |    888 |   3192 |   5 | 1080.8 |
        Temple |     43 |     35 |      8 |      0 |     11 |   1 |   43.0 |
               +--------+--------+--------+--------+--------+-----+--------+

Top non-repeatable levels by time:
     D:2: 1349 daAuts
     D:3: 1276 daAuts
     D:1: 1037 daAuts
     D:4: 993 daAuts
     D:5: 746 daAuts
  Temple: 43 daAuts
